 Dungeon Crawl Stone Soup version 0.27.0-1-g7a089689b8 (webtiles) character file.

Game seed: 4972543681920151494

9 rjrrt the Chopper (level 2, 0/26 HPs)
             Began as a Minotaur Berserker on Aug 5, 2021.
             Was a Follower of Trog.
             Slain by a hobgoblin (3 damage)
             ... on level 1 of the Dungeon.
             The game lasted 00:00:19 (260 turns).

rjrrt the Chopper (Minotaur Berserker)               Turns: 260, Time: 00:00:19

Health: 0/26       AC:  2    Str: 21    XL:     2   Next: 3%
Magic:  1/1        EV: 12    Int:  4    God:    Trog [*.....]
Gold:   46         SH:  0    Dex:  9    Spells: 1/1 levels left

rFire    . . .     SeeInvis .   a - +0 hand axe
rCold    . . .     Faith    .   (no shield)
rNeg     . . .     Spirit   .   b - +0 animal skin
rPois    .         Reflect  .   (helmet restricted)
rElec    .         Harm     .   (no cloak)
rCorr    .         Rampage  .   (no gloves)
Will     .....                  (no boots)
Stlth    +.........             (no amulet)
HPRegen  0.08/turn              (no ring)
MPRegen  0.07/turn              (no ring)

@: no status effects
A: horns 2, retaliatory headbutt
a: Renounce Religion, Berserk


You were on level 1 of the Dungeon.
You worshipped Trog.
Trog was aware of your devotion.
You visited 1 branch of the dungeon, and saw 1 of its levels.

You collected 46 gold pieces.

Inventory:

Hand Weapons
 a - a +0 hand axe (weapon)
Armour
 b - a +0 animal skin (worn)
Scrolls
 c - a scroll of teleportation {unknown}
 d - a scroll of fog {unknown}
 e - a scroll of enchant armour {unknown}


   Skills:
 - Level 3.6 Fighting
 + Level 4.4 Axes
 - Level 2.4 Armour
 - Level 2.1 Dodging


You had one spell level left.
You didn't know any spells.
Your spell library was empty.

Dungeon Overview and Level Annotations

Branches:
Dungeon (1/15)

Altars:


Innate Abilities, Weirdness & Mutations

You have a pair of horns on your head.
You reflexively headbutt those who attack you in melee.


Message History

Found 5 gold pieces.
You barely miss the hobgoblin.
The hobgoblin hits you but does no damage.
You hit the hobgoblin.
You kill the hobgoblin!
Trog accepts your kill.
A quokka comes into view.
The giant cockroach closely misses you.
You see here a hobgoblin corpse.
You hit the giant cockroach. You headbutt the giant cockroach.
You kill the giant cockroach!
Trog accepts your kill.
You barely miss the hobgoblin. The hobgoblin barely misses you.
A goblin comes into view. It is wielding a +0 club.
You hit the hobgoblin but do no damage. The hobgoblin hits you.
You closely miss the hobgoblin. You hit the goblin. The hobgoblin hits you.
The goblin misses you.
You hit the goblin. You headbutt the goblin.
You kill the goblin!
Trog accepts your kill.
You hit the hobgoblin. You closely miss the quokka. The hobgoblin hits you.
The quokka bites you.
You have reached level 2!
You are too injured to fight recklessly!
You are too injured to fight recklessly!
You are too injured to fight recklessly!
You are too injured to fight recklessly!
Unknown command.
You are too injured to fight recklessly!
You hit the hobgoblin but do no damage.
The hobgoblin is heavily wounded.
You barely miss the quokka. The quokka bites you.
* * * LOW HITPOINT WARNING * * *
The hobgoblin hits you.
* * * LOW HITPOINT WARNING * * *
The quokka misses you. You furiously retaliate!
You headbutt the quokka.
You kill the quokka!
Trog accepts your kill. The hobgoblin hits you.
You die...

............##........
.......#.#........##..
##...........##.#.##
#....##.#.#.......###
#.....#......#.......
#.#.#.###.##.......#.#
##..$.. #..........# #
...#.#†######.......#.
#....g@.# ##........
###..##)# #........
#.###.#####......#.
#..........#######
#.###.###### #.# ..#
####


You could see a hobgoblin.

Vanquished Creatures
  A ball python (D:1)
  2 giant cockroaches (D:1)
  A goblin (D:1)
  A hobgoblin (D:1)
  A quokka (D:1)
  A frilled lizard (D:1)
  2 rats (D:1)
9 creatures vanquished.

Notes
Turn   | Place    | Note
-------+----------+-------------------------------------------
     0 | D:1      | rjrrt the Minotaur Berserker began the quest for the Orb.
     0 | D:1      | Reached XP level 1. HP: 19/19 MP: 0/0
   201 | D:1      | Reached skill level 4 in Axes
   260 | D:1      | Reached XP level 2. HP: 10/26 MP: 1/1
   260 | D:1      | Slain by a hobgoblin

Illustrated notes

Levels and vault maps discovered:
D:1:      minmay_arrival_widening_spiral_wide, layout_loops_cross, serial_shops,
          nicolae_shop_crystal, serial_glass, glass_columns_a, glass_columns_b,
          glass_columns_a, glass_columns_a, glass_columns_a, glass_columns_c,
          glass_columns_a, glass_columns_a, glass_columns_c, glass_columns_b,
          glass_columns_b, glass_columns_a, glass_columns_b, glass_columns_a,
          chequers_serial_rivers_room_b

Skill      XL: |  1 |
---------------+----+-----
Axes           | 4 |  4.4
Fighting       | |  3.6
Armour         | |  2.4
Dodging        | |  2.1

Action                   || total
-------------------------++-------
Melee: Hand axe          ||    17
       Headbutt          ||     2
Armor: Animal skin       ||     2
Dodge: Dodged            ||    14
